 Dungeon Crawl Stone Soup version 0.29-a0-317-gd16b76e6b1 (webtiles) character file.

Game seed: 6654395918566548339

2259 Ajdolov the Ogre Mage (level 9, 0/74 HPs)
             Began as an Ogre Earth Elementalist on Mar 30, 2022.
             Was an Initiate of Vehumet.
             Slain by a killer bee (7 damage)
             ... on level 6 of the Dungeon.
             The game lasted 00:13:13 (9966 turns).

Ajdolov the Ogre Mage (Ogre Earth Elementalist)     Turns: 9966, Time: 00:13:13

Health: 0/74       AC:  4    Str: 14    XL:     9   Next: 38%
Magic:  14/21      EV:  9    Int: 20    God:    Vehumet [......]
Gold:   277        SH:  0    Dex:  9    Spells: 21/25 levels left

rFire   . . .      SeeInvis .   y - +2 whip (elec)
rCold   . . .      Faith    .   (no shield)
rNeg    . . .      Spirit   .   b - +0 robe
rPois   .          Reflect  .   (helmet restricted)
rElec   .          Harm     .   s - +0 cloak
rCorr   .          Rampage  .   (gloves unavailable)
Will    .....                   (boots unavailable)
Stlth   +.........              (no amulet)
HPRegen 0.22/turn               (no ring)
MPRegen 0.17/turn               (no ring)

@: lethally poisoned (0 -> -7)
A: large, unfitting armour, tough skin 1
a: Renounce Religion


You were on level 6 of the Dungeon.
You worshipped Vehumet.
Vehumet was noncommittal.
You visited 2 branches of the dungeon, and saw 8 of its levels.

You collected 277 gold pieces.

Inventory:

Hand Weapons
 y - a +2 whip of electrocution (weapon)
Missiles
 a - 118 stones
 t - a curare-tipped dart
Armour
 b - a +0 robe (worn)
 s - a +0 cloak (worn)
Jewellery
 j - a ring of fire
Wands
 A - a wand of iceblast (12)
Scrolls
 f - 4 scrolls of teleportation {unknown}
 g - 2 scrolls of immolation {unknown}
 i - a scroll of vulnerability {unknown}
 k - 11 scrolls of identify {unknown}
 l - a scroll of summoning {unknown}
 m - a scroll of enchant armour {unknown}
 p - a scroll of acquirement {unknown}
 q - a scroll of noise {unknown}
 r - a scroll of silence {unknown}
 z - a scroll of fear {unknown}
Potions
 c - a potion of magic
 d - a potion of flight {unknown}
 e - 2 potions of curing {unknown}
 h - a potion of might {unknown}
 n - 2 potions of invisibility {unknown}
 o - a potion of heal wounds {unknown}
 u - a potion of attraction {unknown}
 v - a potion of degeneration {unknown}
 w - a potion of resistance {unknown}
 x - a potion of berserk rage {unknown}


   Skills:
 - Level 1.7 Dodging
 - Level 1.4 Stealth
 + Level 8.5 Spellcasting
 - Level 6.0 Conjurations
 - Level 0.8 Transmutations
 - Level 7.0 Earth Magic


You had 21 spell levels left.
You knew the following spells:

 Your Spells              Type           Power      Damage    Failure   Level
a - Sandblast             Erth           72%        2d16      1%          1
b - Stone Arrow           Conj/Erth      68%        3d11      1%          3

Your spell library contained the following spells:

 Spells                   Type           Power      Damage    Failure   Level
 Foxfire                  Conj/Fire      80%        2x1d8     2%          1
 Passwall                 Tmut/Erth      20%        N/A       2%          2
 Conjure Flame            Conj/Fire      20%        6-21      7%          3
 Blink                    Tloc           16%        N/A       12%         2
 Corpse Rot               Necr/Air       16%        N/A       12%         2
 Poisonous Vapours        Pois/Air       16%        N/A       12%         2
 Petrify                  Tmut/Erth      24%        N/A       16%         4
 Iskenderun's Battlesphe  Conj           32%        2d8       19%         5
 Inner Flame              Hex/Fire       8%         N/A       24%         3
 Flame Wave               Conj/Fire      20%        2d7       24%         4
 Iskenderun's Mystic Bla  Conj/Tloc      20%        2d6       24%         4
 Iron Shot                Conj/Erth      17%        9d4       65%         6
 Metabolic Englaciation   Hex/Ice        4%         N/A       92%         5
 Spellforged Servitor     Conj/Summ      10%        N/A       100%        7


Dungeon Overview and Level Annotations

Branches:
Dungeon (7/15)             Temple (1/1) D:6

Altars:
Cheibriados
Dithmenos
Elyvilon
Fedhas
Gozag
Hepliaklqana
Nemelex Xobeh
Qazlal
Trog
Vehumet
Wu Jian
Xom
Zin

Annotations:
D:3 2 transporters
D:7 1 runed translucent door, wakim's ghost, novice PaFi


Innate Abilities, Weirdness & Mutations

You are too large for most types of armour.
You have tough skin. (AC +1)


Message History

The killer bee attacks as you move away!
The killer bee stings you.
You are more poisoned.
The killer bee poisons you!
You feel very sick.
The killer bee attacks as you move away!
The killer bee stings you but does no damage.
You feel very sick.
You feel very sick. The killer bee stings you.
You feel sick.
There is a stone staircase leading up here.
You feel sick.
The killer bee stings you but does no damage.
The killer bee stings you.
The killer bee stings you but does no damage.
The killer bee completely misses you. The killer bee barely misses you.
You climb upwards.
You feel sick.
There is a stone staircase leading down here.
Aiming: Stone Arrow (safe; 1% risk of failure)
Press: ? - help, Q - select action, (/) - cycle Shift-Dir - straight line, f - killer bee
Aim: a killer bee (48% to hit)
The stone arrow misses the killer bee.
You feel sick. The killer bee barely misses you. The killer bee stings you!
* * * LOW HITPOINT WARNING * * *
The killer bee barely misses you. The killer bee stings you.
* * * LOW HITPOINT WARNING * * *
You are more poisoned.
The killer bee poisons you!
Aiming: Stone Arrow (safe; 1% risk of failure)
Press: ? - help, Q - select action, (/) - cycle Shift-Dir - straight line, f/p - killer bee
Aim: a killer bee (48% to hit)
The stone arrow hits the killer bee!
The killer bee is almost dead.
* * * LOW HITPOINT WARNING * * *
You feel very sick. The killer bee stings you.
* * * LOW HITPOINT WARNING * * *
The killer bee stings you!
You die...

#######........#..#
#............#.#...
#.#####..###.#.##..
##.## #..# #.#.####
##.#.## #..###.#.####
###.###.###..#.........
#..## ##...........####
#.#.###y##........)....
#.##.#@###.........###.
#.###y...........#.# #.
#.# ####......)..#.###.
#.# #.............).
#.# #......####.....
##### #.# #......#
##..## #...###.#
##.###.# #..#.
#.#.....# #.# #.# ##..#
#...##### #.# #.# ##.##


You could see 2 killer bees.

Vanquished Creatures
  Pikel (D:5)
  A manticore (D:6)
  2 ice beasts (D:5)
  A black bear (D:6)
  A sky beast (D:6)
  A centaur (D:5)
  3 lemures
  3 phantoms
  2 kobold brigands
  A vampire bat (D:5)
  A howler monkey (D:6)
  3 hounds (D:5)
  A jelly (D:6)
  A gnoll shaman (D:4)
  2 iguanas
  9 gnolls
  5 adders
  A white imp (D:5)
  An ufetubus (D:6)
  4 worms
  3 dart slugs
  3 fire bats (D:5)
  10 orcs
  2 spectral bats (D:5)
  3 bat skeletons (D:5)
  A bat zombie (D:5)
  4 endoplasms
  5 giant cockroaches
  5 goblins
  6 hobgoblins
  8 jackals
  17 kobolds
  2 quokkas
  3 ball pythons
  16 bats
  A bat simulacrum (D:5)
  3 frilled lizards
  3 rats
139 creatures vanquished.

Notes
Turn   | Place    | Note
-------+----------+-------------------------------------------
     0 | D:1      | Ajdolov the Ogre Earth Elementalist began the quest for the
                  | Orb.
     0 | D:1      | Reached XP level 1. HP: 16/16 MP: 3/3
   163 | D:1      | Reached XP level 2. HP: 9/24 MP: 5/5
  1286 | D:1      | Reached XP level 3. HP: 28/31 MP: 7/7
  1555 | D:1      | Reached skill level 3 in Spellcasting
  1559 | D:1      | Learned a level 3 spell: Stone Arrow
  2016 | D:2      | Found a faded altar of an unknown god.
  2868 | D:2      | Reached skill level 1 in Conjurations
  2868 | D:2      | Reached XP level 4. HP: 39/39 MP: 4/8
  3753 | D:3      | Reached XP level 5. HP: 34/45 MP: 4/10
  3843 | D:3      | Found a transporter.
  3927 | D:3      | Found a transporter.
  4546 | D:4      | Noticed a lemure
  4547 | D:4      | Noticed Pikel
  4986 | D:4      | Noticed a phantom
  5012 | D:5      | Entered Level 5 of the Dungeon
  5212 | D:5      | Reached XP level 6. HP: 49/53 MP: 7/11
  5412 | D:5      | Reached skill level 4 in Spellcasting
  5741 | D:5      | Noticed an ice beast
  5746 | D:5      | Killed an ice beast
  5747 | D:5      | Reached skill level 5 in Earth Magic
  5944 | D:5      | Found a bloodstained altar of Trog.
  5994 | D:5      | Reached XP level 7. HP: 59/59 MP: 8/13
  6865 | D:6      | Got Sif Muna's Disquisition on Warped Snow
  6883 | D:6      | Reached skill level 5 in Spellcasting
  6885 | D:6      | Reached XP level 8. HP: 67/67 MP: 1/15
  7305 | D:6      | Reached skill level 5 in Conjurations
  7430 | D:6      | Noticed a manticore
  7434 | D:6      | Killed a manticore
  7779 | D:6      | Found a staircase to the Ecumenical Temple.
  7850 | Temple   | Entered the Ecumenical Temple
  7899 | Temple   | Became a worshipper of Vehumet
  8178 | D:6      | Found a snail-covered altar of Cheibriados.
  8401 | D:6      | Reached skill level 6 in Spellcasting
  8404 | D:6      | Found a shimmering altar of Xom.
  9116 | D:5      | Killed Pikel
  9117 | D:5      | Reached skill level 8 in Spellcasting
  9117 | D:5      | Reached XP level 9. HP: 20/74 MP: 1/21
  9796 | D:7      | Noticed wakim's ghost (novice PaFi)
  9842 | D:7      | Found a runed translucent door.
  9966 | D:6      | Slain by a killer bee

Illustrated notes

Levels and vault maps discovered:
D:1:      nicolae_arrival_memento_mori, layout_basic, st_stairs_1
D:2:      layout_loops_corners, basic_ecumenical_altar
D:3:      gammafunk_steamed_eel, layout_basic
D:4:      minmay_inner_zag, layout_rooms, uniq_pikel
D:5:      layout_basic, general_overflow_altar, goddamned_bats
D:6:      layout_loops_ring, tgw_xom, chei_slow_surprise,
          minmay_temple_entry_poolview, kennysheep_nub
D:7:      layout_cave_pools, mainiacjoe_overflow_six_doors_small,
          chequers_temple_overflow_statue_of_worship,
          nicolae_yredelemnul_ghost_church, hellmonk_ghost_happy_afterlife,
          wad_floor_pattern_2, chequers_serial_rivers_micro_e,
          chequers_serial_rivers_room_a
Temple:   zaba_magenta_temple

Skill      XL: |  1  2  3  4  5  6  7  8 |
---------------+-------------------------+-----
Earth Magic    | 3 4 5 7 |  7.0
Spellcasting   | 3 4 5 8 |  8.5
Conjurations   | 1 2 3 4 6 |  6.0
Dodging        | |  1.7
Stealth        | |  1.4
Transmutations | |  0.8

Action                   |  1- 3 |  4- 6 |  7- 9 || total
-------------------------+-------+-------+-------++-------
Melee: Hand axe          |   115 |    14 |       ||   129
       Unarmed           |     7 |       |       ||     7
       Punch             |     1 |       |       ||     1
       Spear             |       |   162 |    43 ||   205
       Whip              |       |       |    15 ||    15
 Cast: Sandblast         |    16 |    49 |     8 ||    73
       Stone Arrow       |       |     3 |    88 ||    91
 Stab: Sleeping          |     1 |     2 |       ||     3
Armor: Robe              |    59 |   180 |    35 ||   274
Dodge: Dodged            |    75 |   162 |    46 ||   283

Table legend: (Time is in decaauts)
 A = Elapsed time spent in this place.
 B = Non-inter-level travel time spent in this place.
 C = Inter-level travel time spent in this place.
 D = Time resting spent in this place.
 E = Time spent auto-exploring this place.
 F = Levels seen in this place.
 G = Mean time per level.
                   A        B        C        D        E       F      G
               +--------+--------+--------+--------+--------+-----+--------+
         Total |  10042 |   9566 |    476 |   2002 |   6096 |   8 | 1255.2 |
       Dungeon |   9979 |   9515 |    464 |   2002 |   6055 |   7 | 1425.6 |
        Temple |     62 |     50 |     12 |      0 |     41 |   1 |   62.0 |
               +--------+--------+--------+--------+--------+-----+--------+

Top non-repeatable levels by time:
     D:5: 2226 daAuts
     D:1: 2020 daAuts
     D:6: 1876 daAuts
     D:2: 1344 daAuts
     D:3: 1268 daAuts
     D:4: 1058 daAuts
     D:7: 186 daAuts
  Temple: 62 daAuts
